AoeStats
← [GDL]CemenTox

Migration

505795809Analyzed
1v1 RM · 20d ago on Sep 11, 2026· 46m 18s· 2 players
Game mode
Random Map
Map size
132×132
Population
200
Speed
Normal
Resources
Standard
Victory
Conquest
Starting age
Dark Age
Ending age
Imperial Age
RankedLock teamsTeams togetherTeam positionsShared explorationLock speedFull tech treeHidden civsTurbo modeCheats
Victory
Defeat
🇲🇽 Persians · Mexico
1791
+19
🇻🇳 Persians · Vietnam
1853
-19
[GDL]CemenTox
12:30 Feudal Age
15:58 Castle Age
14:10 Forging
13:47 Double-Bit Axe
14:36 Town Watch
14:36 Loom
15:12 Gold Mining
15:36 Fishing Lines
16:48 Medium Warships
17:08 Bow Saw
17:54 Iron Casting
17:11 Gillnets
19:10 Wheelbarrow
22:00 Hand Cart
22:21 Scale Barding Armor
23:38 Chain Barding Armor
23:15 Light Cavalry
24:26 Bloodlines
24:17 Husbandry
27:17 Horse Collar
29:49 Pikeman
31:02 Scale Mail Armor
31:46 Heavy Plow
32:46 Chain Mail Armor
32:58 Squires
33:25 Man-at-Arms
33:52 Arson
34:49 Long Swordsman
35:15 Gambesons
36:13 Stone Mining
37:13 Gold Shaft Mining
39:12 Fletching
41:59 Imperial Age
41:44 Stone Shaft Mining
41:24 Guard Tower
43:00 Heavy Warships
43:12 Plate Mail Armor
43:42 Blast Furnace
42:40 Bodkin Arrow
43:50 Two-Man Saw
42:47 Cavalier
44:38 Plate Barding Armor
45:10 Savar
46:26 Plate Barding Armor
HT229
10:07 Feudal Age
14:09 Castle Age
12:20 Double-Bit Axe
13:20 Fishing Lines
14:49 Bow Saw
15:30 Gillnets
15:53 Medium Warships
23:48 Loom
27:36 Fletching
31:17 Scale Barding Armor
31:26 Bloodlines
33:34 Bodkin Arrow
34:25 Padded Archer Armor
37:57 Imperial Age
36:39 Thumb Ring
37:00 Parthian Tactics
37:13 Leather Archer Armor
37:19 Chain Barding Armor
38:06 Thumb Ring
40:16 Chemistry
40:49 Plate Barding Armor
39:37 Cavalier
42:29 Ring Archer Armor
44:18 Heavy Warships
45:12 Light Cavalry
45:53 Husbandry
Connection lost

Rejoining the realm…

Still unreachable

The connection could not be restored.

Session expired

The server has moved on; the page needs a fresh start.